General information
- name: BNet
- type: Ladder team game (AT/RT)
- host: Battle.net
- saver: bobsanders-
map: Cherryville
- players: 8
- length: 34:54
- speed: Fast
- version: 1.24 W3XP
- replay type: Public
» download(203 KB)
Players
team 1 (loser)
DuKeSoFhAzZaRd (
green | 35 APM | 1168 actions | 33:47)
4 Mountain King
2 Storm Bolt
2 Bash
3 Paladin
1 Holy Light
2 Divine Shield
1 Archmage
1 Summon Water Elemental
» actions
| Basic commands | 2 | |
| Build / train | 100 | |
| Enter build submenu | 50 | |
| Enter hero's abilities submenu | 8 | |
| Right click | 566 | |
| Select / deselect | 351 | |
| Use ability | 91 | |
1168 total
» units
| Peasant | 32 | |
| Rifleman | 13 | |
| Sorceress | 2 | |
| Priest | 2 | |
| Mortar Team | 5 | |
54 total
» upgrades
| Gunpowder | 3 | |
| Armor | 5 | |
| Lumber Harvesting | 2 | |
| Masonry | 1 | |
| Long Rifles | 2 | |
| Sorceress Training | 2 | |
| Priest Training | 3 | |
| Fragmentation Shards | 1 | |
| Flare | 1 | |
| Swords | 1 | |
| Plating | 1 | |
| Animal War Training | 1 | |
23 total
» buildings
| Altar of Kings | 1 | |
| Farm | 28 | |
| Blacksmith | 1 | |
| Barracks | 1 | |
| Scout Tower | 4 | |
| Arcane Tower | 1 | |
| Town Hall | 7 | |
| Arcane Vault | 1 | |
| Lumber Mill | 1 | |
| Keep | 2 | |
| Workshop | 1 | |
| Arcane Sanctum | 2 | |
| Castle | 1 | |
51 total
» build order
00:20 Altar of Kings
00:27 Farm
00:56 Blacksmith
01:20 Barracks
01:31 Farm
01:43 Scout Tower
02:12 Farm
02:14 Arcane Tower
04:35 Town Hall
04:49 Arcane Vault
04:56 Farm
05:19 Lumber Mill
05:41 Farm
06:39 Keep
07:47 Farm
08:15 Town Hall
09:25 Workshop
09:30 Arcane Sanctum
09:53 Arcane Sanctum
10:44 Farm
11:58 Farm
11:59 Castle
12:02 Farm
13:30 Farm
16:10 Farm
16:30 Town Hall
17:22 Farm
20:54 Town Hall
22:03 Town Hall
23:07 Keep
27:10 Farm
27:16 Farm
27:27 Farm
27:35 Farm
27:44 Farm
27:53 Farm
28:28 Farm
28:46 Farm
28:57 Farm
29:07 Town Hall
29:13 Town Hall
29:42 Farm
30:02 Scout Tower
30:09 Scout Tower
30:22 Scout Tower
30:28 Farm
30:39 Farm
30:53 Farm
31:05 Farm
31:18 Farm
31:22 Farm
» items
| Scroll of Regeneration | 3 | |
| Scroll of Town Portal | 2 | |
| Lesser Clarity Potion | 1 | |
6 total
Rampager (
orange | 60 APM | 2102 actions | 34:53)
5 Keeper of the Grove
2 Entangling Roots
3 Thorns Aura
» actions
| Assign group hotkey | 33 | |
| Basic commands | 12 | |
| Build / train | 78 | |
| Enter build submenu | 17 | |
| Enter hero's abilities submenu | 5 | |
| Right click | 1186 | |
| Select / deselect | 285 | |
| Select group hotkey | 426 | |
| Use ability | 60 | |
2102 total
» units
| Wisp | 13 | |
| Archer | 6 | |
| Huntress | 8 | |
| Dryad | 14 | |
| Druid of the Claw | 6 | |
| Hippogryph | 2 | |
49 total
» upgrades
| Moon Armor | 3 | |
| Strength of the Moon | 1 | |
| Reinforced Hides | 3 | |
| Ultravision | 1 | |
| Abolish Magic | 1 | |
| Strength of the Wild | 3 | |
| Druid of the Claw Training | 2 | |
| Upgrade Moon Glaive | 1 | |
| Improved Bows | 1 | |
| Well Spring | 1 | |
17 total
» buildings
| Altar of Elders | 1 | |
| Moon Well | 6 | |
| Ancient of War | 1 | |
| Hunter's Hall | 1 | |
| Ancient Protector | 4 | |
| Tree of Ages | 1 | |
| Ancient of Lore | 1 | |
| Tree of Eternity | 1 | |
| Ancient of Wind | 1 | |
17 total
» build order
00:18 Altar of Elders
00:22 Moon Well
00:37 Ancient of War
01:43 Hunter's Hall
02:01 Moon Well
03:25 Ancient Protector
03:40 Moon Well
04:13 Tree of Ages
06:21 Moon Well
06:40 Ancient of Lore
07:38 Tree of Eternity
11:26 Ancient Protector
11:58 Moon Well
12:40 Ancient Protector
13:33 Moon Well
22:46 Ancient of Wind
22:59 Ancient Protector
» items
| Potion of Healing | 1 | |
| Scroll of Protection | 1 | |
| Scroll of Town Portal | 1 | |
| Potion of Lesser Invulnerability | 1 | |
4 total
STROKEDEMCHEEKS (
pink | 32 APM | 1124 actions | 34:52)
4 Mountain King
2 Storm Bolt
2 Bash
3 Blood Mage
2 Flame Strike
1 Banish
» actions
| Assign group hotkey | 9 | |
| Basic commands | 5 | |
| Build / train | 59 | |
| Enter build submenu | 22 | |
| Enter hero's abilities submenu | 7 | |
| Right click | 573 | |
| Select / deselect | 279 | |
| Select group hotkey | 114 | |
| Use ability | 56 | |
1124 total
» units
| Peasant | 10 | |
| Footman | 2 | |
| Knight | 5 | |
| Rifleman | 1 | |
| Spell Breaker | 3 | |
21 total
» upgrades
| Lumber Harvesting | 1 | |
| Swords | 3 | |
| Plating | 2 | |
| Animal War Training | 1 | |
| Masonry | 1 | |
| Control Magic | 1 | |
9 total
» buildings
| Altar of Kings | 1 | |
| Farm | 8 | |
| Barracks | 2 | |
| Scout Tower | 1 | |
| Arcane Vault | 1 | |
| Arcane Tower | 1 | |
| Lumber Mill | 1 | |
| Keep | 1 | |
| Castle | 1 | |
| Blacksmith | 1 | |
| Town Hall | 2 | |
| Arcane Sanctum | 2 | |
22 total
» build order
00:53 Altar of Kings
01:07 Farm
01:19 Farm
01:40 Barracks
01:46 Scout Tower
02:05 Arcane Vault
02:20 Arcane Tower
02:26 Barracks
02:46 Lumber Mill
03:32 Keep
04:20 Farm
04:23 Farm
05:57 Castle
07:08 Blacksmith
08:35 Town Hall
09:13 Farm
09:42 Farm
10:27 Farm
10:30 Farm
13:45 Arcane Sanctum
20:28 Town Hall
21:27 Arcane Sanctum
» items
| Boots of Speed | 2 | |
| Staff of Teleportation | 3 | |
| Orb of Fire | 2 | |
| Staff of Sanctuary | 2 | |
| Scroll of Regeneration | 2 | |
| Scroll of Town Portal | 3 | |
| Potion of Healing | 1 | |
| Potion of Lesser Invulnerability | 1 | |
16 total
SaltTheEarth (
teal | 47 APM | 1631 actions | 34:53)
6 Archmage
3 Summon Water Elemental
2 Brilliance Aura
1 Mass Teleport
4 Paladin
2 Holy Light
2 Divine Shield
» actions
| Assign group hotkey | 87 | |
| Basic commands | 160 | |
| Build / train | 105 | |
| Enter build submenu | 49 | |
| Enter hero's abilities submenu | 10 | |
| Give item / drop item | 7 | |
| Right click | 563 | |
| Select / deselect | 379 | |
| Select group hotkey | 146 | |
| Use ability | 125 | |
1631 total
» units
| Peasant | 12 | |
| Footman | 4 | |
| Goblin Shredder | 1 | |
| Gryphon Rider | 18 | |
35 total
» upgrades
| Defend | 1 | |
| Lumber Harvesting | 1 | |
| Masonry | 3 | |
| Swords | 3 | |
| Storm Hammers | 1 | |
| Animal War Training | 1 | |
| Armor | 3 | |
13 total
» buildings
| Altar of Kings | 1 | |
| Barracks | 2 | |
| Farm | 8 | |
| Arcane Vault | 2 | |
| Town Hall | 2 | |
| Scout Tower | 34 | |
| Keep | 1 | |
| Lumber Mill | 1 | |
| Guard Tower | 14 | |
| Castle | 1 | |
| Gryphon Aviary | 5 | |
| Blacksmith | 3 | |
74 total
» build order
00:24 Altar of Kings
00:36 Barracks
00:39 Barracks
00:46 Farm
01:04 Farm
01:17 Farm
02:03 Farm
02:43 Arcane Vault
04:02 Town Hall
04:08 Scout Tower
04:12 Scout Tower
04:14 Scout Tower
04:18 Scout Tower
04:21 Scout Tower
04:30 Keep
04:33 Lumber Mill
06:02 Guard Tower
06:03 Guard Tower
07:31 Castle
08:43 Gryphon Aviary
08:46 Gryphon Aviary
08:48 Gryphon Aviary
09:20 Scout Tower
09:21 Scout Tower
09:23 Scout Tower
09:24 Scout Tower
09:26 Scout Tower
09:27 Scout Tower
09:28 Scout Tower
09:29 Scout Tower
09:41 Gryphon Aviary
09:46 Gryphon Aviary
09:52 Blacksmith
09:54 Blacksmith
10:00 Blacksmith
10:10 Guard Tower
10:22 Guard Tower
10:41 Farm
10:46 Farm
11:16 Farm
11:19 Farm
12:01 Town Hall
12:05 Scout Tower
12:06 Scout Tower
12:09 Scout Tower
12:11 Scout Tower
12:14 Scout Tower
12:17 Scout Tower
12:18 Scout Tower
12:20 Scout Tower
12:21 Scout Tower
12:22 Scout Tower
12:22 Scout Tower
12:28 Scout Tower
12:30 Scout Tower
12:35 Scout Tower
12:37 Scout Tower
13:00 Scout Tower
13:01 Scout Tower
13:05 Guard Tower
13:18 Guard Tower
13:23 Guard Tower
13:40 Guard Tower
13:55 Guard Tower
14:07 Guard Tower
15:53 Guard Tower
16:06 Scout Tower
16:06 Scout Tower
16:19 Arcane Vault
16:28 Scout Tower
16:31 Scout Tower
17:11 Guard Tower
22:04 Guard Tower
22:08 Guard Tower
» items
| Scroll of Regeneration | 8 | |
| Scroll of Town Portal | 9 | |
| Potion of Healing | 3 | |
| Potion of Mana | 1 | |
| Ivory Tower | 3 | |
| Lesser Clarity Potion | 1 | |
| Staff of Teleportation | 1 | |
| Periapt of Vitality | 1 | |
| Potion of Lesser Invulnerability | 1 | |
28 total
team 2 (winner)
Apm130.MArK (
yellow | 94 APM | 1908 actions | 20:22)
3 Demon Hunter
2 Mana Burn
1 Evasion
2 Keeper of the Grove
1 Entangling Roots
1 Thorns Aura
» actions
| Assign group hotkey | 51 | |
| Basic commands | 183 | |
| Build / train | 54 | |
| Enter build submenu | 13 | |
| Enter hero's abilities submenu | 5 | |
| Give item / drop item | 5 | |
| Remove unit from queue | 1 | |
| Right click | 375 | |
| Select / deselect | 290 | |
| Select group hotkey | 874 | |
| Use ability | 57 | |
1908 total
» units
| Wisp | 13 | |
| Archer | 7 | |
| Druid of the Claw | 8 | |
| Dryad | 5 | |
33 total
» upgrades
| Druid of the Claw Training | 2 | |
| Abolish Magic | 1 | |
| Mark of the Claw | 1 | |
4 total
» buildings
| Altar of Elders | 1 | |
| Moon Well | 7 | |
| Ancient of War | 1 | |
| Tree of Ages | 1 | |
| Hunter's Hall | 1 | |
| Ancient of Wonders | 1 | |
| Ancient of Lore | 2 | |
| Tree of Eternity | 1 | |
15 total
» build order
00:06 Altar of Elders
00:19 Moon Well
01:20 Ancient of War
01:25 Moon Well
02:20 Moon Well
03:25 Moon Well
03:52 Tree of Ages
03:57 Hunter's Hall
05:19 Ancient of Wonders
06:01 Moon Well
06:21 Ancient of Lore
07:19 Tree of Eternity
07:22 Ancient of Lore
12:07 Moon Well
14:03 Moon Well
» items
| Staff of Preservation | 1 | |
| Scroll of Regeneration | 1 | |
| Scroll of Town Portal | 1 | |
3 total

»
Re]chickenfeat (
red | 40 APM | 812 actions | 20:18)
5 Paladin
3 Holy Light
1 Divine Shield
1 Devotion Aura
2 Archmage
1 Summon Water Elemental
1 Blizzard
» actions
| Assign group hotkey | 8 | |
| Basic commands | 17 | |
| Build / train | 55 | |
| Enter build submenu | 31 | |
| Enter hero's abilities submenu | 7 | |
| Remove unit from queue | 1 | |
| Right click | 207 | |
| Select / deselect | 228 | |
| Select group hotkey | 195 | |
| Use ability | 62 | |
812 total
» units
| Peasant | 14 | |
| Rifleman | 8 | |
| Priest | 3 | |
| Sorceress | 2 | |
27 total
» upgrades
| Gunpowder | 3 | |
| Priest Training | 2 | |
| Sorceress Training | 2 | |
| Long Rifles | 1 | |
| Armor | 1 | |
| Masonry | 0 | |
9 total
» buildings
| Barracks | 2 | |
| Altar of Kings | 1 | |
| Farm | 12 | |
| Blacksmith | 1 | |
| Scout Tower | 9 | |
| Arcane Tower | 1 | |
| Lumber Mill | 1 | |
| Keep | 1 | |
| Arcane Vault | 1 | |
| Castle | 1 | |
| Arcane Sanctum | 2 | |
| Town Hall | 1 | |
33 total
» build order
01:31 Barracks
01:34 Barracks
01:37 Altar of Kings
01:40 Farm
01:41 Farm
02:09 Blacksmith
02:55 Scout Tower
02:59 Farm
03:24 Arcane Tower
03:30 Farm
03:32 Farm
03:37 Lumber Mill
05:36 Keep
05:51 Arcane Vault
07:07 Farm
07:08 Farm
08:08 Castle
08:11 Arcane Sanctum
08:14 Arcane Sanctum
08:36 Farm
08:37 Farm
10:08 Town Hall
17:22 Farm
17:23 Farm
17:25 Farm
18:00 Scout Tower
18:01 Scout Tower
18:08 Scout Tower
18:09 Scout Tower
18:11 Scout Tower
18:13 Scout Tower
18:16 Scout Tower
18:17 Scout Tower
» items
| Scroll of Regeneration | 3 | |
| Scroll of Town Portal | 2 | |
| Orb of Fire | 1 | |
6 total

»
THEJOKER (
blue | 39 APM | 784 actions | 20:14)
6 Paladin
2 Devotion Aura
1 Holy Light
3 Divine Shield
» actions
| Basic commands | 2 | |
| Build / train | 72 | |
| Enter build submenu | 30 | |
| Enter hero's abilities submenu | 5 | |
| Remove unit from queue | 1 | |
| Right click | 357 | |
| Select / deselect | 273 | |
| Use ability | 44 | |
784 total
» units
| Peasant | 19 | |
| Footman | 10 | |
| Rifleman | 3 | |
| Mortar Team | 5 | |
| Siege Engine | 2 | |
| Knight | 6 | |
45 total
» upgrades
| Lumber Harvesting | 2 | |
| Swords | 1 | |
| Armor | 3 | |
| Gunpowder | 2 | |
| Fragmentation Shards | 1 | |
| Flare | 1 | |
| Masonry | 2 | |
| Barrage | 1 | |
13 total
» buildings
| Barracks | 1 | |
| Altar of Kings | 1 | |
| Farm | 14 | |
| Lumber Mill | 2 | |
| Scout Tower | 5 | |
| Guard Tower | 4 | |
| Keep | 1 | |
| Blacksmith | 1 | |
| Town Hall | 1 | |
| Castle | 1 | |
| Workshop | 2 | |
| Arcane Vault | 1 | |
34 total
» build order
00:25 Barracks
00:40 Altar of Kings
00:55 Farm
01:07 Farm
01:13 Lumber Mill
01:17 Lumber Mill
01:55 Scout Tower
02:22 Farm
02:26 Guard Tower
02:44 Farm
03:08 Scout Tower
03:22 Scout Tower
03:54 Guard Tower
04:58 Keep
05:57 Blacksmith
07:22 Farm
07:42 Town Hall
08:23 Farm
09:18 Scout Tower
09:22 Castle
09:46 Scout Tower
10:06 Guard Tower
10:21 Guard Tower
10:44 Workshop
10:48 Workshop
13:28 Arcane Vault
13:45 Farm
13:58 Farm
14:04 Farm
14:08 Farm
14:13 Farm
17:36 Farm
18:03 Farm
18:06 Farm
bobsanders- (
purple | 55 APM | 1913 actions | 34:54)
8 Mountain King
3 Storm Bolt
3 Bash
1 Avatar
1 Thunder Clap
2 Paladin
2 Resurrection
» actions
| Assign group hotkey | 31 | |
| Basic commands | 7 | |
| Build / train | 92 | |
| Enter build submenu | 24 | |
| Enter hero's abilities submenu | 12 | |
| Give item / drop item | 1 | |
| Right click | 774 | |
| Select / deselect | 237 | |
| Select group hotkey | 639 | |
| Use ability | 96 | |
1913 total
» units
| Peasant | 14 | |
| Footman | 3 | |
| Goblin Shredder | 4 | |
| Gryphon Rider | 5 | |
| Sorceress | 2 | |
| Priest | 1 | |
| Dryad | 3 | |
| Siege Engine | 1 | |
| Knight | 2 | |
| Goblin Sapper | 3 | |
38 total
» upgrades
| Masonry | 3 | |
| Lumber Harvesting | 2 | |
| Swords | 2 | |
| Armor | 2 | |
| Barrage | 1 | |
| Animal War Training | 1 | |
| Storm Hammers | 1 | |
| Flying Machine Bombs | 1 | |
| Flak Cannons | 1 | |
14 total
» buildings
| Altar of Kings | 1 | |
| Barracks | 1 | |
| Farm | 10 | |
| Scout Tower | 37 | |
| Arcane Tower | 2 | |
| Town Hall | 1 | |
| Arcane Vault | 1 | |
| Lumber Mill | 1 | |
| Guard Tower | 18 | |
| Keep | 1 | |
| Blacksmith | 1 | |
| Castle | 1 | |
| Gryphon Aviary | 3 | |
| Workshop | 2 | |
80 total
» build order
00:10 Altar of Kings
00:23 Barracks
00:38 Farm
01:01 Farm
01:33 Scout Tower
01:44 Farm
02:02 Arcane Tower
02:40 Farm
03:34 Town Hall
03:37 Scout Tower
03:38 Scout Tower
03:39 Scout Tower
04:00 Arcane Vault
04:09 Lumber Mill
04:24 Arcane Tower
05:15 Guard Tower
05:53 Keep
06:04 Scout Tower
06:05 Scout Tower
06:06 Scout Tower
06:07 Scout Tower
06:07 Scout Tower
06:08 Scout Tower
06:30 Blacksmith
06:50 Guard Tower
06:50 Guard Tower
07:06 Guard Tower
07:12 Farm
07:13 Farm
07:14 Farm
07:16 Farm
07:18 Farm
07:19 Farm
07:48 Guard Tower
08:08 Guard Tower
08:37 Castle
08:42 Gryphon Aviary
08:48 Gryphon Aviary
08:49 Gryphon Aviary
09:30 Scout Tower
09:30 Scout Tower
09:30 Scout Tower
09:32 Scout Tower
09:32 Scout Tower
09:32 Scout Tower
09:33 Scout Tower
09:33 Scout Tower
09:34 Scout Tower
09:34 Scout Tower
09:35 Scout Tower
09:36 Scout Tower
10:03 Guard Tower
10:20 Workshop
10:48 Guard Tower
10:57 Workshop
11:13 Guard Tower
11:48 Guard Tower
12:21 Scout Tower
12:22 Scout Tower
12:22 Scout Tower
12:26 Scout Tower
12:27 Scout Tower
13:52 Guard Tower
17:50 Scout Tower
17:51 Scout Tower
17:51 Scout Tower
17:51 Scout Tower
17:52 Scout Tower
17:53 Scout Tower
17:53 Scout Tower
17:54 Scout Tower
17:55 Scout Tower
18:33 Guard Tower
18:57 Guard Tower
18:58 Guard Tower
20:05 Guard Tower
» items
| Scroll of Regeneration | 2 | |
| Staff of Teleportation | 1 | |
| Potion of Lesser Invulnerability | 1 | |
| Scroll of Town Portal | 2 | |
6 total
Chat log
(00:11 / Allies) Apm130.MArK: dh
(00:12 / Allies) Apm130.MArK: archs
(00:16 / Allies) Apm130.MArK: dryads bears
(00:28 / Allies) bobsanders-: i got griffs
(00:30 / Allies) bobsanders-: dont get dryads
(00:31 / Allies) bobsanders-: faggot
(00:34 / Allies) bobsanders-: i hate dryads
(00:47 / Allies) Apm130.MArK: me bears and dryasd
(01:59 / Allies) bobsanders-: its called a rifle build idiot
(04:11 / Allies) bobsanders-: gold
(04:12 / Allies) bobsanders-: gold
(04:12 / Allies) bobsanders-: gold
(04:30 / Allies) bobsanders-: didn't expect gold from u sir ty
(04:36 / Allies) Apm130.MArK: cc
(05:22 / Allies) bobsanders-: wood?
(07:42 / All) bobsanders-: have my footies wow
(08:24 / Allies) bobsanders-: expo right there
(08:25 / Allies) bobsanders-: yellow
(09:06 / Allies) bobsanders-: dont run coming
(10:35 / Allies) bobsanders-: focus on greens peasants
(10:38 / Allies) bobsanders-: ignore his units
(11:22 / Allies) THEJOKER: red
(11:25 / Allies) Re]chickenfeat: yep
(11:52 / Allies) bobsanders-: wood
(11:53 / Allies) bobsanders-: wood
(11:54 / Allies) Re]chickenfeat: yellow more bears than dryad
(11:55 / Allies) bobsanders-: hit bot left
(12:42 / Allies) Apm130.MArK: wait me
(12:50 / Allies) bobsanders-: n
(12:52 / Allies) bobsanders-: god dammit
(12:54 / Allies) bobsanders-: nhit bot right
(12:55 / Allies) bobsanders-: left
(12:56 / Allies) bobsanders-: wow
(12:57 / Allies) Apm130.MArK: go purple
(12:59 / Allies) THEJOKER: run
(13:05 / Allies) bobsanders-: do not hit
(13:06 / Allies) bobsanders-: top left
(13:08 / Allies) bobsanders-: orim gonna pissed
(13:09 / Allies) Apm130.MArK: b
(13:09 / Allies) Apm130.MArK: b
(14:07 / Allies) Apm130.MArK: go hit
(14:09 / Allies) bobsanders-: they're gonna hit blue
(14:09 / Allies) Apm130.MArK: meet
(14:22 / Allies) Apm130.MArK: red tp
(14:46 / Allies) Apm130.MArK: gogogogo
(14:49 / Allies) Apm130.MArK: purple
(15:28 / Allies) Apm130.MArK: fuck team
(15:34 / Allies) Apm130.MArK: purple no aatcj
(16:11 / Allies) bobsanders-: no
(16:12 / Allies) bobsanders-: god dammit
(16:13 / Allies) bobsanders-: hit bottom
(16:15 / Allies) bobsanders-: or img onna be pissed
(16:17 / Allies) bobsanders-: hit bottom
(17:07 / Allies) THEJOKER: lets hit them god damn it
(17:13 / Allies) bobsanders-: ignore teals
(17:14 / Allies) THEJOKER: three on two
(17:14 / Allies) bobsanders-: towers
(17:15 / Allies) bobsanders-: hit bott
(17:18 / Allies) bobsanders-: hit green
(17:22 / Allies) bobsanders-: lets go meet
(17:24 / Allies) bobsanders-: hit green
(17:42 / Allies) Re]chickenfeat: let it
(19:50 / Allies) Apm130.MArK: purple
(20:04 / Allies) Apm130.MArK: u killed my hero
(20:07 / Allies) bobsanders-: dont hit me
(20:07 / All) Re]chickenfeat: well purple is a dumbass
(23:42 / All) bobsanders-: ur trash green lawl
(23:51 / All) DuKeSoFhAzZaRd: I love trash
(23:54 / All) STROKEDEMCHEEKS: lol
(24:01 / All) STROKEDEMCHEEKS: teal bs lol
(24:05 / All) DuKeSoFhAzZaRd: Kinda linke intel with a pussy index
(24:10 / All) bobsanders-: i bsed my team too faggots justleave
(24:11 / All) bobsanders-: ur horrible
(24:25 / All) STROKEDEMCHEEKS: nope im not leaving lol
(24:57 / All) STROKEDEMCHEEKS: oj
(25:00 / All) STROKEDEMCHEEKS: get a clue
(25:06 / All) STROKEDEMCHEEKS: teal is bsing us
(25:06 / All) bobsanders-: whats orange saying
(25:10 / All) DuKeSoFhAzZaRd: Falalalalala
(25:11 / All) STROKEDEMCHEEKS: hes prop purps friend
(25:20 / All) STROKEDEMCHEEKS: hes like tp all
(25:22 / All) STROKEDEMCHEEKS: lol
(25:36 / All) DuKeSoFhAzZaRd: afk facebook
(25:41 / All) STROKEDEMCHEEKS: lol ima alt tab
(26:08 / All) SaltTheEarth: it's refreshing
(26:31 / All) STROKEDEMCHEEKS: lol oj
(27:55 / All) bobsanders-: shitty 40% players are shitty 40% players
(28:00 / All) STROKEDEMCHEEKS: lol
(28:06 / All) STROKEDEMCHEEKS: whos 40%
(28:14 / All) DuKeSoFhAzZaRd: Im 25%
(28:30 / All) Rampager: teal top NW unprotected
(28:39 / All) STROKEDEMCHEEKS: llol
(28:43 / All) Rampager: teal hall NW unoprotected
(28:54 / All) STROKEDEMCHEEKS: lucky
(29:08 / All) SaltTheEarth: lawl what happened to my towers
(29:11 / All) STROKEDEMCHEEKS: im lucky i get to play with faggots
(29:17 / All) STROKEDEMCHEEKS: that reduce my score
(29:21 / All) bobsanders-: this is 4v4rt idiot, we're all faggots
(29:31 / All) DuKeSoFhAzZaRd: LOL YOUR SCORE
(29:32 / All) STROKEDEMCHEEKS: i want to hack in peace
(29:46 / All) DuKeSoFhAzZaRd: I Play wow
(29:47 / All) Rampager: teal is all air
(29:49 / All) DuKeSoFhAzZaRd: I play wow
(29:52 / All) Rampager: teal is all air
(29:53 / All) STROKEDEMCHEEKS: ya my score green
(29:58 / All) DuKeSoFhAzZaRd: cant nobody mess with me now
(30:04 / All) STROKEDEMCHEEKS: lol?
(30:10 / All) STROKEDEMCHEEKS: wow is for kids
(30:18 / All) DuKeSoFhAzZaRd: Check out my xplicitt im legit
(30:25 / All) STROKEDEMCHEEKS: ok?
(30:31 / All) STROKEDEMCHEEKS: wow is for kids
(30:36 / All) DuKeSoFhAzZaRd: I killed heroic LK25
(30:44 / All) DuKeSoFhAzZaRd: I am the light of the dawn!
(30:45 / All) STROKEDEMCHEEKS: who cares
(30:59 / All) DuKeSoFhAzZaRd: I do
(31:27 / All) DuKeSoFhAzZaRd: Gimme ur wood pinko
(31:36 / All) STROKEDEMCHEEKS: i donty have any
(31:53 / All) STROKEDEMCHEEKS: i gotta remember not to play 4s
(31:59 / All) DuKeSoFhAzZaRd: But i was so having so much fun wasting time
(32:00 / All) STROKEDEMCHEEKS: and stay on 3s
(32:08 / All) Rampager: teal ias major shithead
(32:25 / All) Rampager: backstabber
(32:28 / All) STROKEDEMCHEEKS: lol
(32:42 / All) STROKEDEMCHEEKS: ima lag myself out
(32:47 / All) STROKEDEMCHEEKS: k
(32:49 / All) DuKeSoFhAzZaRd: IN my world we all join together to fight the LK
(34:22 / All) bobsanders-: teal is god
(34:24 / All) bobsanders-: i am gay
(34:27 / All) bobsanders-: and u guys are noobs
(34:38 / All) STROKEDEMCHEEKS: sure
(34:40 / All) SaltTheEarth: That's my understanding